 Dungeon Crawl Stone Soup version 0.28.0-49-g6dfe1f597d (webtiles) character file.

Game seed: 3187036735134269619

25 Exodus22XD the Ducker (level 2, -2/22 HPs)
             Began as a Demonspawn Gladiator on May 19, 2022.
             Frozen to death by an endoplasm (3 damage)
             ... on level 2 of the Dungeon.
             The game lasted 00:01:02 (1604 turns).

Exodus22XD the Ducker (Demonspawn Gladiator)        Turns: 1604, Time: 00:01:03

Health: -2/22      AC:  4    Str: 14    XL:     2   Next: 82%
Magic:  2/2        EV: 12    Int:  9    God:
Gold:   66         SH:  0    Dex: 14    Spells: 1/1 levels left

rFire   . . .      SeeInvis .   a - +0 trident
rCold   . . .      Faith    .   (no shield)
rNeg    . . .      Spirit   .   b - +0 leather armour
rPois   .          Reflect  .   c - +0 helmet
rElec   .          Harm     .   (no cloak)
rCorr   .          Rampage  .   (no gloves)
Will    .....                   (no boots)
Stlth   +.........              (no amulet)
HPRegen 0.07/turn               (no ring)
MPRegen 0.08/turn               (no ring)

@: no status effects
A: claws 1
a: no special abilities


You were on level 2 of the Dungeon.
You visited 1 branch of the dungeon, and saw 2 of its levels.

You collected 66 gold pieces.

Inventory:

Hand Weapons
 a - a +0 trident (weapon)
Missiles
 d - 3 throwing nets (quivered)
Armour
 b - a +0 leather armour (worn)
 c - a +0 helmet (worn)
 k - a +0 kite shield
Jewellery
 j - an amulet of regeneration
Scrolls
 e - a scroll of blinking {unknown}
 g - 2 scrolls of magic mapping {unknown}
 h - a scroll of noise {unknown}
Potions
 f - 2 potions of curing {unknown}
 i - a potion of might {unknown}


   Skills:
 + Level 2.1 Fighting
 + Level 3.0 Polearms
 - Level 1.8 Throwing
 + Level 0.1 Armour
 + Level 3.3 Dodging
 + Level 0.1 Stealth


You had one spell level left.
You didn't know any spells.
Your spell library was empty.

Dungeon Overview and Level Annotations

Branches:
Dungeon (2/15)

Altars:


Innate Abilities, Weirdness & Mutations

You have sharp fingernails.


Message History

There are monsters nearby!
You closely miss the adder.
The adder is lightly wounded.
The adder misses you. The adder bites you but does no damage.
There are monsters nearby!
You hit the adder.
The adder is lightly wounded.
The adder closely misses you.
There are monsters nearby!
You miss the adder.
The adder is lightly wounded.
The adder bites you.
You are poisoned.
The adder poisons you!
There are monsters nearby!
You miss the adder.
The adder is lightly wounded.
You feel sick. The adder misses you. The adder barely misses you.
There are monsters nearby!
You are too injured to fight recklessly!
There are monsters nearby!
You are too injured to fight recklessly!
You feel sick.
You feel sick.
You feel sick. The endoplasm freezes you.
You are frozen.
* * * LOW HITPOINT WARNING * * *
The adder closely misses you.
* * * LOW HITPOINT WARNING * * *
You feel sick.
You hit the endoplasm.
The endoplasm is severely wounded.
* * * LOW HITPOINT WARNING * * *
You feel sick.
You are no longer poisoned.
The adder closely misses you. The endoplasm freezes you.
You are frozen.
You die...

#####
#######...
#........######
#........J@)<.#
#........S#####
#.........#
#.........#
#.........#
#.........#
#.........#
....
+.........#
....
#.........#


You could see an adder and an endoplasm.

Vanquished Creatures
  A dart slug (D:1)
  2 endoplasms (D:1)
  A giant cockroach (D:2)
  2 goblins (D:1)
  3 hobgoblins (D:1)
  2 kobolds (D:1)
  A quokka (D:1)
  A ball python (D:1)
  3 bats (D:1)
  A frilled lizard (D:1)
  3 rats
20 creatures vanquished.

Notes
Turn   | Place    | Note
-------+----------+-------------------------------------------
     0 | D:1      | Exodus22XD the Demonspawn Gladiator began the quest for the
                  | Orb.
     0 | D:1      | Reached XP level 1. HP: 16/16 MP: 1/1
   344 | D:1      | Gained mutation: You have sharp fingernails. [demonic
                  | ancestry]
   344 | D:1      | Reached XP level 2. HP: 7/22 MP: 2/2
  1604 | D:2      | HP: 1/22 [poisoned by an adder]
  1604 | D:2      | Frozen to death by an endoplasm

Illustrated notes

Levels and vault maps discovered:
D:1:      nicolae_arrival_memento_mori, layout_loops_corners
D:2:      minmay_alternating_diamond, layout_basic,
          dilly_ecumenical_altar_fadedgnrine, nicolae_underground_beach

Skill      XL: |  1  2 |
---------------+-------+-----
Dodging        | 3 |  3.3
Polearms       | 3 |  3.0
Fighting       | |  2.1
Throwing       | |  1.8
Armour         | |  0.1
Stealth        | |  0.1

Action                   || total
-------------------------++-------
Melee: Trident           ||    85
 Stab: Sleeping          ||     4
Armor: Leather armour    ||    19
Dodge: Dodged            ||    55
